 Dungeon Crawl Stone Soup version 0.28-a0-657-g71136c5590 (webtiles) character file.

Game seed: 199277914348787694

1521 Woods the Insei (level 8, -1/61 HPs)
             Began as a Demonspawn Transmuter on Oct 13, 2021.
             Succumbed to an orc wizard's poison
             ... on level 5 of the Dungeon.
             The game lasted 00:13:01 (7511 turns).

Woods the Insei (Demonspawn Transmuter)             Turns: 7511, Time: 00:13:02

Health: -1/61      AC:  2    Str: 12    XL:     8   Next: 54%
Magic:  12/14      EV: 20    Int: 16    God:
Gold:   159        SH:  0    Dex: 18    Spells: 9/15 levels left

rFire   . . .      SeeInvis .     - Unarmed
rCold   . . .      Faith    .   (shield currently unavailable)
rNeg    . . .      Spirit   .   (armour currently unavailable)
rPois   x          Reflect  .   (helmet currently unavailable)
rElec   .          Harm     .   (cloak currently unavailable)
rCorr   .          Rampage  .   (gloves currently unavailable)
Will    .....                   (boots currently unavailable)
Stlth   ++........              (no amulet)
HPRegen 1.20/turn               s - +4 ring of slaying
MPRegen 0.14/turn               q - ring of wizardry

@: brilliant, lethally poisoned (-1 -> -14), spider-form (expiring), hasted,
very quick
A: venomous fangs, tiny, (antennae 2), (yellow scales 1), powered by death 2
a: End Transformation


You were on level 5 of the Dungeon.
You were a venomous arachnid creature.
You visited 1 branch of the dungeon, and saw 6 of its levels.

You collected 284 gold pieces.
You spent 125 gold pieces at shops.

Inventory:

Armour
 a - a +0 robe (melded)
 e - a +0 cloak (melded)
Jewellery
 k - a ring of poison resistance
 q - a ring of wizardry (right front leg)
 s - a +4 ring of slaying (left front leg)
 v - a ring of fire
Wands
 i - a wand of digging (3)
 y - a wand of polymorph (5)
Scrolls
 b - 4 scrolls of torment
 c - 5 scrolls of blinking
 d - 2 scrolls of teleportation
 f - 2 scrolls of acquirement {unknown}
 h - a scroll of fear {unknown}
 l - a scroll of magic mapping {unknown}
 m - a scroll of holy word {unknown}
 u - a scroll of fog {unknown}
 w - a scroll of vulnerability {unknown}
 A - 2 scrolls of identify
 D - a scroll of immolation {unknown}
Potions
 g - a potion of haste
 j - 2 potions of attraction {unknown}
 n - 2 potions of flight {unknown}
 o - a potion of cancellation {unknown}
 p - 2 potions of brilliance
 r - a potion of ambrosia {unknown}
 t - a potion of berserk rage {unknown}
 x - a potion of curing {unknown}
 z - a potion of mutation {unknown}
 B - a potion of might {unknown}
 C - a potion of degeneration {unknown}


   Skills:
 + Level 4.7 Fighting
 + Level 3.0 Dodging
 + Level 2.2 Stealth
 + Level 5.5 Unarmed Combat
 - Level 4.3 Spellcasting
 - Level 5.2 Transmutations


You had 9 spell levels left.
You knew the following spells:

 Your Spells              Type           Power      Damage    Failure   Level
a - Beastly Appendage     Tmut           60%        N/A       3%          1
b - Wereblood             Tmut           30%        N/A       4%          2
c - Spider Form           Tmut/Pois      8%         N/A       16%         3

Your spell library contained the following spells:

 Spells                   Type           Power      Damage    Failure   Level
 Shock                    Conj/Air       20%        1d4       14%         1
 Ignite Poison            Fire/Tmut/Pois 13%        N/A       21%         3
 Mephitic Cloud           Conj/Pois/Air  5%         N/A       32%         3
 Swiftness                Air            5%         N/A       32%         3
 Ice Form                 Ice/Tmut       17%        N/A       38%         4
 Airstrike                Air            2%         N/A       67%         4
 Freezing Cloud           Conj/Ice/Air   2%         6-21      92%         5


Dungeon Overview and Level Annotations

Branches:
Dungeon (6/15)
 Temple: D:4-7

Altars:
Ashenzari
Elyvilon
Makhleb
Trog
Vehumet

Shops:
D:3 ?

Annotations:
D:4 2 transporters, ytrimaz's ghost, amateur OpTm


Innate Abilities, Weirdness & Mutations

You are a venomous arachnid creature.
You have poisonous fangs.
You are tiny and dextrous.
Your spellcasting is less reliable in this form.
Your armour is entirely melded.
You are incapable of wielding weapons or throwing items.
((You have a pair of antennae on your head.))
((You are partially covered in yellow scales. (AC +2)))
You regenerate health from kills.


Message History

Casting: Spider Form (dangerous; 7% risk of failure)
Confirm with . or Enter, or press ? or * to list all spells.
You turn into a venomous arachnid creature.
Your +0 cloak melds into your body.
Your +0 robe melds into your body.
The orc wizard points at you and mumbles some strange words.
The magic dart hits you.
You barely miss the orc. You barely miss the orc wizard.
You completely miss the orc wizard.
The orc wizard hits you with a +1 dagger of venom.
You are poisoned.
The orc closely misses you.
You bite the orc wizard!
The orc wizard is poisoned.
The orc wizard is heavily wounded.
You feel very sick.
The orc wizard points at you and mumbles some strange words.
The puff of flame hits you.
You hit the orc wizard.
The orc wizard looks as sick as possible!
The orc wizard is heavily wounded.
You feel very sick.
The orc wizard hits you with a +1 dagger of venom.
You are lethally poisoned!
The orc hits you with a +0 mace. The orc hits you with a +0 dagger.
* * * LOW HITPOINT WARNING * * *
You feel extremely sick.
* * * LOW HITPOINT WARNING * * *
You feel extremely sick.
You feel a bit more experienced.
Your Dodging skill increases to level 3!
Press: ? - help, v - describe, . - travel The floor.
It was a potion of brilliance.
You feel clever all of a sudden.
Your transformation is almost over.
* * * LOW HITPOINT WARNING * * *
You feel very sick. The orc hits you with a +0 dagger.
* * * LOW HITPOINT WARNING * * *
You feel yourself speed up.
You die...

........# {# ........#
........##+##+#####
........#.........#
........#.........##### #
.^..#####.............#.#
....# ...............#.
....# #.......oo.......
##+## #####..s#....###
#.# #♣.♣#o...# #.#
#...#....# #.# #♣.♣#....#
##.# #.).#....# ##.#
#♣.♣#....# ##.#
#...###### ##.# #8.8#
##.### #...#


You could see 2 orcs.

Vanquished Creatures
  Grinder (D:4)
  Sigmund (D:5)
  Menkaure (D:5)
  Duvessa (D:4)
  An ogre (D:6)
  2 phantoms
  2 scorpions (D:5)
  A water moccasin zombie (D:5)
  Dowan (D:4)
  A water moccasin skeleton (D:5)
  4 hounds
  A bullfrog skeleton (D:6)
  Jessica (D:2)
  A centaur skeleton (D:6)
  An iguana (D:4)
  An orc wizard (D:5)
  A hound skeleton (D:4)
  A howler monkey zombie (D:3)
  4 gnolls (D:4)
  7 adders
  A white imp (D:4)
  An adder skeleton (D:4)
  An adder zombie (D:5)
  2 worms (D:2)
  A dart slug (D:5)
  5 orcs
  4 bats
  3 endoplasms
  5 giant cockroaches
  5 goblins
  9 hobgoblins
  6 quokkas
  6 ball pythons
  2 frilled lizards
  2 kobolds
  4 rats
91 creatures vanquished.

Notes
Turn   | Place    | Note
-------+----------+-------------------------------------------
     0 | D:1      | Woods the Demonspawn Transmuter began the quest for the
                  | Orb.
     0 | D:1      | Reached XP level 1. HP: 15/15 MP: 3/3
   296 | D:1      | Lost mutation: You have a pair of horns on your head.
                  | [demonic ancestry]
   296 | D:1      | Lost mutation: You have a pair of small horns on your head.
                  | [demonic ancestry]
   296 | D:1      | Gained mutation: You have a pair of small antennae on your
                  | head. [demonic ancestry]
   296 | D:1      | Reached XP level 2. HP: 21/21 MP: 3/5
  1744 | D:2      | Gained mutation: You are partially covered in yellow
                  | scales. (AC +2) [demonic ancestry]
  1744 | D:2      | Reached XP level 3. HP: 27/27 MP: 4/6
  2132 | D:2      | Noticed Jessica
  2139 | D:2      | Killed Jessica
  2140 | D:2      | Gained mutation: You regenerate a little health from kills.
                  | [demonic ancestry]
  2140 | D:2      | Reached XP level 4. HP: 12/34 MP: 5/7
  2586 | D:2      | Found a faded altar of an unknown god.
  3110 | D:3      | Found a radiant altar of Vehumet.
  3187 | D:3      | Found Kidy's Magic Scroll Boutique.
  3195 | D:3      | Bought a scroll of teleportation for 30 gold pieces
  3195 | D:3      | Bought a scroll of blinking for 75 gold pieces
  3195 | D:3      | Bought a scroll of identify for 20 gold pieces
  3264 | D:3      | Learned a level 2 spell: Wereblood
  3268 | D:3      | Learned a level 3 spell: Spider Form
  3277 | D:3      | Found a broken altar of Ashenzari.
  3908 | D:3      | Noticed a phantom
  4405 | D:4      | Reached XP level 5. HP: 35/41 MP: 6/8
  4475 | D:4      | Noticed Grinder
  4893 | D:4      | You fall into a shaft and drop 2 floors!
  4893 | D:6      | Noticed an ogre
  4919 | D:6      | Killed an ogre
  4932 | D:6      | Reached skill level 5 in Unarmed Combat
  4932 | D:6      | Gained mutation: You have a pair of antennae on your head.
                  | [demonic ancestry]
  4932 | D:6      | Reached XP level 6. HP: 36/48 MP: 2/9
  5259 | D:6      | Found a burning altar of Makhleb.
  5391 | D:5      | Entered Level 5 of the Dungeon
  5641 | D:4      | Paralysed by Grinder for 4 turns
  5775 | D:3      | Gained mutation: You regenerate health from kills. [demonic
                  | ancestry]
  5775 | D:3      | Reached XP level 7. HP: 27/54 MP: 5/11
  6063 | D:4      | Killed Grinder
  6291 | D:4      | Noticed ytrimaz's ghost (amateur OpTm)
  6292 | D:4      | Found a transporter.
  6337 | D:4      | Found a bloodstained altar of Trog.
  6379 | D:4      | Found a transporter.
  6391 | D:4      | Noticed Duvessa
  6391 | D:4      | Noticed Dowan
  6401 | D:4      | Killed Dowan
  6410 | D:4      | Killed Duvessa
  6411 | D:4      | Reached skill level 5 in Transmutations
  6714 | D:5      | Noticed Menkaure
  6720 | D:5      | Killed Menkaure
  6721 | D:5      | Reached XP level 8. HP: 26/60 MP: 10/14
  6980 | D:5      | Reached skill level 1 in Stealth
  7046 | D:5      | Noticed Sigmund
  7061 | D:5      | Killed Sigmund
  7510 | D:5      | HP: 3/61 [orc (1)]
  7511 | D:5      | Succumbed to an orc wizard's poison

Illustrated notes

Levels and vault maps discovered:
D:1:      grunt_arrival_crossed_arrows, layout_basic
D:2:      minmay_alternating_diamond, layout_loops_corners,
          shapermc_ecumenical_altar_ellora, uniq_jessica
D:3:      layout_loops_ring, evilmike_ruin_ashenzari, lemuel_tele_altar,
          serial_shops, shop
D:4:      layout_basic, lightli_temple_of_fire, gammafunk_ghost_smash,
          uniq_grinder, uniq_duvessa
D:5:      layout_basic, minivault_5, chequers_avenue, uniq_menkaure,
          uniq_sigmund
D:6:      layout_loops_ring, bloody_makhleb, mainiacjoe_overflow_boulevard,
          chequers_temple_overflow_minitemple, minmay_holes

Skill      XL: |  1  2  3  4  5  6  7  8 |
---------------+-------------------------+-----
Unarmed Combat | 3 4 5 |  5.5
Fighting       | 2 3 4 |  4.7
Transmutations | 3 5 |  5.2
Spellcasting   | 3 4 |  4.3
Dodging        | 3 |  3.0
Stealth        | 2 |  2.2

Action                   |  1- 3 |  4- 6 |  7- 9 || total
-------------------------+-------+-------+-------++-------
Melee: Unarmed           |   114 |   146 |    99 ||   359
       Kick              |    13 |    16 |       ||    29
       Headbutt          |     3 |       |       ||     3
       Punch             |     1 |       |       ||     1
 Cast: Beastly Appendage |    19 |    15 |       ||    34
       Spider Form       |       |    12 |    15 ||    27
       Wereblood         |       |       |     1 ||     1
  Use: Scroll            |       |     3 |       ||     3
       Potion            |       |       |     2 ||     2
 Stab: Sleeping          |       |     2 |       ||     2
Armor: Robe              |    21 |    16 |     5 ||    42
       Skin              |       |     4 |       ||     4
Dodge: Dodged            |    72 |    97 |    57 ||   226

Table legend: (Time is in decaauts)
 A = Elapsed time spent in this place.
 B = Non-inter-level travel time spent in this place.
 C = Inter-level travel time spent in this place.
 D = Time resting spent in this place.
 E = Time spent auto-exploring this place.
 F = Levels seen in this place.
 G = Mean time per level.
                   A        B        C        D        E       F      G
               +--------+--------+--------+--------+--------+-----+--------+
         Total |   7485 |   7240 |    245 |   2051 |   3511 |   6 | 1247.5 |
       Dungeon |   7485 |   7240 |    245 |   2051 |   3511 |   6 | 1247.5 |
               +--------+--------+--------+--------+--------+-----+--------+

Top non-repeatable levels by time:
     D:3: 1896 daAuts
     D:1: 1529 daAuts
     D:2: 1471 daAuts
     D:4: 1265 daAuts
     D:5: 829 daAuts
     D:6: 494 daAuts
